 Dungeon Crawl Stone Soup version 0.20-a0-839-gdaf5c57 (webtiles) character file.

76 dvd the Insei (level 4, 0/28 HPs)
             Began as an Octopode Transmuter on Mar 8, 2017.
             Killed by nerve-wracking pain
             ... invoked by Grinder
              (3 damage)
             ... while paralysed by Grinder
             ... on level 3 of the Dungeon.
             The game lasted 00:04:58 (2914 turns).

dvd the Insei (Octopode Transmuter)                 Turns: 2914, Time: 00:04:58

Health: 0/28       AC:  1    Str: 10    XL:     4   Next: 32%
Magic:  7/7        EV:  2    Int: 15    God:
Gold:   126        SH:  0    Dex: 12    Spells: 3/7 levels left

rFire    + . .     SeeInvis .     - Unarmed
rCold    . . .     Gourm    .   g - +0 buckler
rNeg     + . .     Faith    .   (helmet restricted)
rPois    .         Spirit   .   (no amulet)
rElec    .         Reflect  .   l - ring of positive energy
rCorr    .         Harm     .   m - ring of protection from fire
MR       .....                  (no ring)
Stlth    +++.......             (no ring)
Regen    0.1/turn               (no ring)
MPRegen  0.1/turn               (no ring)
                                (no ring)
                                (no ring)

@: paralysed, appendage (expiring)
A: almost no armour, stealthy swim, amphibious, 8 rings, constrict 8, tentacle
spike 3, camouflage 1, gelatinous body 1
a: End Transformation


You were on level 3 of the Dungeon.
You were not hungry.
One of your tentacles had a temporary spike.
You visited 1 branch of the dungeon, and saw 3 of its levels.

You collected 126 gold pieces.

Inventory:

Missiles
 a - 32 arrows
Armour
 g - a +0 buckler (worn)
Jewellery
 l - a ring of positive energy (left tentacle)
 m - a ring of protection from fire (right tentacle)
Scrolls
 h - a scroll of enchant weapon {unknown}
 q - a scroll of noise {unknown}
 r - a scroll of blinking {unknown}
 s - a scroll of random uselessness {unknown}
 t - 2 scrolls of fear {unknown}
 u - a scroll of remove curse {unknown}
Potions
 e - 2 potions of haste {unknown}
 f - 2 potions of heal wounds {unknown}
 i - a potion of mutation {unknown}
 j - a potion of flight {unknown}
 k - 2 potions of curing {unknown}
 n - 2 potions of ambrosia {unknown}
Books
 b - a book of Changes

   Spells                             Type                      Level
   a - Beastly Appendage              Transmutation                1
   b - Sticks to Snakes               Transmutation                2
   c - Spider Form                    Transmutation/Poison         3
   d - Ice Form                       Ice/Transmutation            4
   e - Blade Hands                    Transmutation                5
Comestibles
 c - a bread ration
 d - 2 royal jellies
 o - 2 meat rations
 p - 3 chunks of flesh


   Skills:
 + Level 1.2 Fighting
 + Level 2.4 Dodging
 + Level 1.7 Stealth
 + Level 3.7 Unarmed Combat
 * Level 2.3 Spellcasting
 * Level 2.7 Transmutations


You had 3 spell levels left.
You knew the following spells:

 Your Spells              Type           Power        Failure   Level  Hunger
a - Beastly Appendage     Tmut           #.....       14%         1    #......
b - Spider Form           Tmut/Pois      #.........   75%         3    ###....


Dungeon Overview and Level Annotations

Branches:
Dungeon (3/15)

Altars:

Annotations:
D:3 Grinder


Innate Abilities, Weirdness & Mutations

You cannot wear most types of armour.
You are very stealthy in the water. (Stealth+)
You are amphibious.
You can wear up to eight rings at the same time.
You can use your tentacles to constrict eight enemies at once.
Your skin changes colour to match your surroundings (Stealth+).
Your rubbery body absorbs attacks. (AC +1, EV +1)
One of your tentacles bears a large vicious spike.


Message History

Grinder is heavily wounded.
You constrict Grinder. Grinder closely misses you.
You tentacle-slap Grinder.
Grinder is severely wounded.
You constrict Grinder. Grinder closely misses you.
You tentacle-slap Grinder but do no damage.
Your tentacle spike misses Grinder.
You squeeze Grinder.
Grinder is severely wounded.
You constrict Grinder. Grinder gestures at you.
You suddenly lose the ability to move!
You lose your grip on Grinder.
Your transformation is almost over.
Grinder hits you.
* * * LOW HITPOINT WARNING * * *
You writhe in agony.
* * * LOW HITPOINT WARNING * * *
Grinder hits you but does no damage. Grinder gestures at you.
Pain shoots through your body!
You die...

######## #######
#......## . #.....#
#......## ... #.....#
#........
.....###.....###...)....
......5@................
.................####...
........................
.......................#
........................
.................#####.#
#...#............# #.#
#.#.#............# ...
.......... ....


You could see Grinder.

Vanquished Creatures
  A gnoll (D:1)
  3 dart slugs
  2 leopard geckos (D:2)
  2 orcs (D:3)
  5 bats
  2 giant cockroaches
  8 hobgoblins
  6 jackals
  A ball python (D:1)
  4 frilled lizards
  9 goblins
  4 kobolds
  7 rats
54 creatures vanquished.

Notes
Turn   | Place    | Note
-------+----------+-------------------------------------------
     0 | D:1      | dvd the Octopode Transmuter began the quest for the Orb.
     0 | D:1      | Reached XP level 1. HP: 13/13 MP: 3/3
     8 | D:1      | Noticed an ogre
   418 | D:1      | Reached XP level 2. HP: 18/18 MP: 3/5
   905 | D:1      | Reached skill level 1 in Stealth
   905 | D:1      | Reached XP level 3. HP: 6/23 MP: 6/6
  1616 | D:2      | Learned a level 3 spell: Spider Form
  2157 | D:2      | Reached XP level 4. HP: 21/28 MP: 5/7
  2902 | D:3      | Noticed Grinder
  2911 | D:3      | Paralysed by Grinder for 3 turns
  2914 | D:3      | Killed from afar by Grinder

Vault maps used:
D:1:      evilmike_arrival_come_back
D:3:      uniq_grinder

Skill      XL: |  1  2 |
---------------+-------+-----
Stealth        | 1 |  1.7
Fighting       | |  1.2
Dodging        | |  2.4
Unarmed Combat | |  3.7
Spellcasting   | |  2.3
Transmutations | |  2.7

Action                   |  1- 3 |  4- 6 || total
-------------------------+-------+-------++-------
Melee: Unarmed           |    90 |    34 ||   124
       Constrict         |    26 |     8 ||    34
       Kick              |    17 |     3 ||    20
       Punch             |     1 |       ||     1
       Tentacles         |     5 |     6 ||    11
 Cast: Beastly Appendage |    22 |     8 ||    30
 Stab: Sleeping          |     5 |     3 ||     8
  Eat: Chunk             |     4 |     3 ||     7
Armor: Skin              |     9 |     3 ||    12
Dodge: Dodged            |    53 |    17 ||    70
Block: Buckler           |     9 |       ||     9
